[Event "Early-Titled-Tuesday-Blitz-May-14-2024"]
[Site "Chess.com"]
[Date "2024.05.14"]
[Round "9"]
[White "SharapovEvgeny"]
[Black "Josgar05"]
[Result "0-1"]
[WhiteElo "2624"]
[BlackElo "2465"]
[TimeControl "180+1"]
[EndTime "9:48:07 PDT"]
[Termination "Josgar05 won by resignation"]

1. e4 g6 2. d4 Bg7 3. h4 h5 4. Nc3 c6 5. Nh3 d5 6. e5 Nh6 7. Ng5 Nf5 8. Bf4 Na6 9. Qd2 Nc7 10. O-O-O Ne6 11. Nxe6 Bxe6 12. f3 Qd7 13. Bg5 Ng3 14.
Rg1 Nxf1 15. Rdxf1 O-O-O 16. Na4 b6 17. b3 f6 18.
exf6 exf6 19. Bf4 Bf5 20. Re1 Rhe8 21. Qb4 Bf8 22. Qd2 Kb7 23. Kb2 Rxe1 24. Rxe1 Re8 25. a3 Re6 26. Rxe6 Qxe6 27. b4 Be7 28. Nc3 a6 29.
Ne2 Bd8 30. Qe3 Qxe3 31. Bxe3 Bc7 32. Bf4 Bd8 33. Ng3 Bd7 34. Nf1 Be6 35. c3 Kc8 36.
Kc1 Kd7 37. Kd2 Bf5 38. Ne3 Be6 39. g4 Ke8 40. gxh5 gxh5 41. Bg3 Kf7 42. Ng2 Bf5 43.
Nf4 Bg6 44. Ke3 Bc7 45. Nxh5 Bxh5 46. Bxc7 b5 47. Kf4 Ke6 48. Bd8 Kf7 49. Kf5 Bg6+ 50. Kg4 Ke6 51. h5 Bh7 52. h6 Kf7 53. Kh5 Bd3 54. Kh4 Kg6 55. h7 Kxh7 56. Bxf6 Kg6 57. Be5 Kf5 58. Kh5 Be2 59. Kh4 Bxf3 60. Kg3 Ke4 61. Kf2 Bh5 62. Bd6 Kd3 63. Bc5 Kxc3 64.
Ke3 Kb3 65. Bb6 Kxa3 66. Ba5 Kb3 67. Kd3 Bg6+ 68. Ke3 Be4 69. Kd2 Kb2 70. Ke3 Kc3 71. Ke2 Kxd4 72. Kd2 Kc4 73. Ke3 Bg6 74. Kd2 d4 75.
Kc1 Kc3 76. Bb6 d3 77. Be3 Kxb4 0-1

[Event "Early-Titled-Tuesday-Blitz-May-14-2024"]
[Site "Chess.com"]
[Date "2024.05.14"]
[Round "9"]
[White "DumbKing75"]
[Black "temus_galaktionov"]
[Result "0-1"]
[WhiteElo "2653"]
[BlackElo "2862"]
[TimeControl "180+1"]
[EndTime "9:48:08 PDT"]
[Termination "temus_galaktionov won on time"]

1. e4 c6 2. d4 g6 3. Nc3 d6 4. Nf3 Bg7 5. a4 Bg4 6. Be2 a5 7. Be3 Qb6 8. Rb1 Nd7 9. O-O Qc7 10. Nd2 Bxe2 11. Qxe2 Ngf6 12. Rfd1 O-O 13. h3 Nb6 14. b3 Rae8 15. Nc4 Nfd7 16. Nxa5 d5 17. exd5 cxd5 18. Nb5 Qb8 19. Qf3 Rc8 20. Qe2 Qa8 21. Qd2 Nf6 22. Rdc1 Rfd8 23. Qb4 Bf8 24. Qe1 Qa6 25.
Ra1 Ne4 26. f3 Nd6 27. Nxd6 Rxd6 28. b4 Rdd8 29. Nb3 Nc4 30. Nc5 Qc6 31. b5 Qc7 32. Bf2 b6 33. Nd3 Ra8 34. Bg3 Qd7 35. Nb4 Re8 36.
Nc6 Bh6 37. Rd1 Nb2 38. Rdb1 Nc4 39. Rb3 f6 40. Qf1 Nd2 41. Qd3 Nxb3 42. Qxb3 Bg7 43.
Nb4 e6 44. Nc6 Kh8 45. Re1 e5 46. dxe5 fxe5 47. Bxe5 Bxe5 48. Nxe5 Qe6 49. Qb2 Kg8 50. Nd3 Qd6 51. Ra1 Re2 52. Qd4 Rae8 53. Nf4 R2e5 54.
Rd1 Qf6 55. Kf2 Qg5 56. Ne2 Rxe2+ 0-1

[Event "Early-Titled-Tuesday-Blitz-May-14-2024"]
[Site "Chess.com"]
[Date "2024.05.14"]
[Round "9"]
[White "suyu28"]
[Black "FormerProdigy"]
[Result "0-1"]
[WhiteElo "2840"]
[BlackElo "2997"]
[TimeControl "180+1"]
[EndTime "9:48:10 PDT"]
[Termination "FormerProdigy won by checkmate"]

1. d4 Nf6 2. c4 e6 3. Nf3 b6 4. g3 Ba6 5. b3 Bb4+ 6. Bd2 Be7 7.
Nc3 d5 8. cxd5 exd5 9. Bg2 O-O 10. O-O Re8 11. a3 c5 12. Bf4 Nc6 13. Re1 Ne4 14.
Nxe4 dxe4 15. Ne5 Nxd4 16. Bxe4 Nxe2+ 17. Rxe2 Qxd1+ 18. Rxd1 Bxe2 19. Re1 Ba6 20. Bxa8 Rxa8 21. Nc6 Bf8 22. Nb8 Bb7 23. Re8 f6 24. Bd6 Kf7 25. Rxf8+ Ke6 26. Bc7 Bd5 27. b4 cxb4 28. axb4 a5 29. bxa5 bxa5 30. Rd8 Be4 31. Rd6+ Kf7 32.
Rd7+ Kg6 33. Rd4 f5 34. Ra4 Ra7 35. Bxa5 Rb7 36. Rb4 Ra7 37. Rb5 Kh5 38. h3 g5 39.
Kh2 Re7 40. Bb4 Rc7 41. Rc5 Rb7 42. Bd2 Rxb8 43. g4+ Kh4 44. f3 Rb2 45. fxe4 Rxd2+ 46. Kg1 fxe4 47. Re5 Kxh3 48. Kf1 Kxg4 49. Rxe4+ Kf3 50.
Re1 h5 51. Kg1 h4 52. Rf1+ Kg3 53. Ra1 Rd3 54. Kh1 g4 55. Rb1 h3 56. Rc1 Kh4 57. Rb1 Rd4 58. Ra1 g3 59. Rb1 h2 60. Kg2 Rd2+ 61.
Kh1 Kh3 62. Rg1 Rd1 63. Rxd1 g2# 0-1

[Event "Early-Titled-Tuesday-Blitz-May-14-2024"]
[Site "Chess.com"]
[Date "2024.05.14"]
[Round "9"]
[White "cthulhuuu"]
[Black "MatyChess1"]
[Result "1-0"]
[WhiteElo "2456"]
[BlackElo "2617"]
[TimeControl "180+1"]
[EndTime "9:48:10 PDT"]
[Termination "cthulhuuu won on time"]

1. e4 c6 2. d3 d5 3. Nd2 g6 4.
g3 Bg7 5. Bg2 e5 6. Ngf3 Ne7 7.
O-O O-O 8. Re1 d4 9. a4 c5 10.
Nc4 Nbc6 11. a5 Be6 12. b3 Bxc4 13. bxc4 Nxa5 14. Ba3 Qc7 15. Qb1 a6 16. Qa2 b6 17.
Reb1 Nac6 18. Qb3 Rfb8 19. Nh4 Bf6 20. Nf3 Nc8 21. h4 Nd6 22. Ng5 Qe7 23. f4 a5 24.
Qa4 Nb4 25. Bxb4 cxb4 26. Nf3 Nb7 27. Rf1 Nc5 28. Qb5 Bg7 29. Rf2 b3 30. fxe5 bxc2 31.
Ng5 Rf8 32. Rxc2 Nxd3 33. e6 fxe6 34. Qxb6 Nc5 35. Rxa5 Rxa5 36. Qxa5 h6 37. Nf3 Nxe4 38. Ne5 Bxe5 39. Qxe5 Nf6 40. Qxd4 e5 41. Qe3 Kg7 42. Re2 Re8 43. Bh3 h5 44. c5 Qc7 45. Qf2 e4 46.
Kh1 Re5 47. Qf4 Qxc5 48. Rf2 Qd6 49. Rd2 Qe7 50. Re2 e3 51. Bg2 Qe6 52. Bf3 Qe7 53.
Kg2 Qe6 54. Rb2 Qe7 55. Rb7 1-0

[Event "Early-Titled-Tuesday-Blitz-May-14-2024"]
[Site "Chess.com"]
[Date "2024.05.14"]
[Round "9"]
[White "wonderfultime"]
[Black "MrLion3000"]
[Result "1-0"]
[WhiteElo "3069"]
[BlackElo "2803"]
[TimeControl "180+1"]
[EndTime "9:48:11 PDT"]
[Termination "wonderfultime won by checkmate"]

1. d4 Nf6 2. Nf3 d5 3. Bf4 c5 4. c3 Nc6 5. e3 Qb6 6. Qc2 Bf5 7.
dxc5 Bxc2 8. cxb6 axb6 9. Na3 Ba4 10. Bc7 e6 11. Nb5 Bxb5 12. Bxb5 Nd7 13. O-O Rc8 14. Bg3 Bc5 15. Rfd1 O-O 16. Rac1 Nf6 17. c4 dxc4 18. Bxc4 h6 19. a3 Ne4 20. b4 Be7 21.
Bd3 Nxg3 22. hxg3 Rfd8 23. Be4 f5 24. Rxd8+ Bxd8 25. Bxc6 Rxc6 26. Rxc6 bxc6 27. Nd4 Kf7 28. Nxc6 Bf6 29. Kf1 Ke8 30. Ke2 Kd7 31. Nd4 g6 32. Kd3 e5 33. Nb5 Kc6 34. Kc4 h5 35. a4 Bd8 36. f3 g5 37. Nc3 g4 38. f4 exf4 39.
exf4 Bc7 40. Nd5 Bd8 41. Ne3 h4 42. gxh4 Bxh4 43. Nxf5 Be1 44. b5+ Kd7 45. Kd5 Bd2 46. Ke4 Ke6 47. Nh6 g3 48. Nf5 Be1 49. Ne3 Kd6 50. f5 Bc3 51. Nd5 Bb2 52. Nxb6 Kc5 53. Nd7+ Kd6 54. Nb8 Kc7 55. Nc6 Kb6 56. Nb4 Bc3 57.
Nd5+ Kc5 58. Nxc3 Kb4 59. f6 Kxc3 60. f7 Kb4 61. f8=Q+ Kxa4 62. b6 Kb3 63. b7 Kc2 64. b8=Q Kd1 65. Qf3+ Ke1 66. Qb4# 1-0

[Event "Early-Titled-Tuesday-Blitz-May-14-2024"]
[Site "Chess.com"]
[Date "2024.05.14"]
[Round "9"]
[White "TenisMaster"]
[Black "chito89"]
[Result "0-1"]
[WhiteElo "2901"]
[BlackElo "2830"]
[TimeControl "180+1"]
[EndTime "9:48:12 PDT"]
[Termination "chito89 won by resignation"]

1. e4 c5 2. Nf3 Nc6 3. Bb5 e6 4.
O-O Nge7 5. Re1 Ng6 6. c3 Be7 7. d4 cxd4 8. cxd4 d5 9. exd5 exd5 10. Nc3 O-O 11. h3 Bf6 12. Be3 Nge7 13. Bg5 Bxg5 14.
Nxg5 h6 15. Nf3 Be6 16. Qd2 Rc8 17. Ne2 Qd6 18. Nf4 Bf5 19. Bd3 Bxd3 20. Nxd3 Nf5 21. Nde5 Rfe8 22. Nxc6 Qxc6 23. Ne5 Qf6 24. Qf4 Re6 25.
Ng4 Qg5 26. Qxg5 hxg5 27. Rec1 Rcc6 28. Ne5 Rxc1+ 29. Rxc1 Re8 30. Nf3 Re2 31. Rc8+ Kh7 32. Nxg5+ Kg6 33. Nf3 Rxb2 34. Ne5+ Kf6 35. Ng4+ Ke6 36.
Re8+ Kd7 37. Re5 Nd6 38. a4 Rb4 39. Rxd5 Rxa4 40. h4 f6 41. h5 Ke6 42. Rc5 Rxd4 43. Ne3 Re4 44. Rc7 Re5 45. g4 Rg5 46. f4 Rb5 47.
Rxg7 Rb3 48. f5+ Ke5 49. Kf2 Kf4 50. Nd5+ Ke5 51. Ne3 Ne4+ 52. Kf3 Ng5+ 53. Ke2 Kf4 54. Re7 Rb2+ 55. Kd3 Rb3+ 56. Kd4 Nf3+ 57. Kc4 Rxe3 58. Rxe3 Kxe3 59. Kd5 Kf4 60. Ke6 Kxg4 61. h6 Kh5 62.
Kxf6 Kxh6 63. Ke7 Ng5 64. f6 a5 65. Kd6 a4 66. Kc7 a3 0-1

[Event "Early-Titled-Tuesday-Blitz-May-14-2024"]
[Site "Chess.com"]
[Date "2024.05.14"]
[Round "9"]
[White "RandomNoob04"]
[Black "nabukatnezarr"]
[Result "0-1"]
[WhiteElo "2714"]
[BlackElo "2627"]
[TimeControl "180+1"]
[EndTime "9:48:12 PDT"]
[Termination "nabukatnezarr won by resignation"]

1. e4 c5 2. d4 cxd4 3. c3 Nf6 4. e5 Nd5 5. Nf3 d6 6. Bc4 e6 7. cxd4 Nc6 8. O-O Be7 9. Qe2 Nb6 10. Bb3 O-O 11.
Nc3 Bd7 12. Bc2 Nb4 13. exd6 Bxd6 14. Bxh7+ Kxh7 15. Ng5+ Kg6 16. Nce4 Qc7 17. h4 Rh8 18. f4 f5 19. h5+ Rxh5 20. Ng3 Rh6 21. Nxe6 Qc4 22. Ng5 Qxe2 23. Nxe2 Nd3 24. Bd2 Rah8 25. Nh3 Nxb2 26. Rab1 N2c4 27. Bc1 Bc6 28. Rb3 Be4 29. Rg3+ Kf6 30. Nc3 Bc6 31. Rd1 Nd5 32. Ne2 Ba4 33. Rf1 b5 34. Kf2 Ke7 35. Rxg7+ Kd8 36. Rxa7 Nf6 37.
Ng5 Ng4+ 38. Kg3 Rf8 39. Nf7+ Rxf7 40. Rxf7 Rg6 41. Kh3 Rh6+ 42. Kg3 Rg6 43. Rh1 Nge5+ 44. Kf2 Nxf7 45. g3 Ke7 46. Rh7 Bc2 47. Rh1 Be4 48.
Re1 Bb4 49. Rd1 Nfd6 50. d5 Kd7 51. Nd4 Bxd5 52. Nxf5 Nxf5 53. Rxd5+ Kc6 54. Rxf5 Bc5+ 55. Kf3 Rd6 56. Ke2 Re6+ 57. Kf3 Rd6 58. Ke2 Re6+ 59.
Kf3 Re1 60. Rf6+ Kd5 61. Rf5+ Kd4 62. g4 Rxc1 63. g5 Rc3+ 64. Kf2 Bb6 65. Rxb5 Ke4+ 66. Kf1 Ne3+ 67. Ke2 Rc2+ 68. Ke1 Bd4 69. Rb3 Kf3 0-1

[Event "Early-Titled-Tuesday-Blitz-May-14-2024"]
[Site "Chess.com"]
[Date "2024.05.14"]
[Round "9"]
[White "Niktlt"]
[Black "WilsonPalencia21"]
[Result "0-1"]
[WhiteElo "2694"]
[BlackElo "2603"]
[TimeControl "180+1"]
[EndTime "9:48:12 PDT"]
[Termination "WilsonPalencia21 won by resignation"]

1. d4 Nf6 2. c4 c5 3. Nf3 g6 4. Nc3 Bg7 5. e3 O-O 6. Be2 d6 7. b3 d5 8. Bb2 cxd4 9. Nxd4 Nc6 10. Nxc6 bxc6 11. cxd5 cxd5 12. O-O e5 13. Rc1 Be6 14. Na4 Qb8 15. f4 exf4 16. exf4 Rd8 17. Be5 Qb7 18. Qd4 Ne8 19. Bd3 f6 20. Nc5 Qe7 21. Nxe6 fxe5 22. Qc5 Qxe6 23. f5 gxf5 24. Bxf5 Qb6 25. Qxb6 axb6 26. Be6+ Kh8 27. Rfd1 d4 28. a4 Nd6 29. Rc6 Rab8 30. Bd5 Nf5 31. Be4 Ne3 32. Rd3 Rdc8 33. b4 Rxc6 34. Bxc6 Rc8 35. b5 Rf8 36. h3 Bf6 37.
Rb3 Bd8 38. a5 bxa5 39. b6 Be7 40. b7 Bd6 41. Rb5 a4 42. Ra5 a3 43. Ra8 Rb8 44. Ra4 Kg7 45. Kf2 Kf6 46. Kf3 Kf5 47. Be4+ Ke6 48. Bc6 Nd5 49. Ra5 Nc3 50. g4 Bb4 51.
Ra8 Bd6 52. Ra5 a2 53. Kg2 h6 54. h4 e4 55. Bxe4 Nxe4 56. Rxa2 Rxb7 57. Re2 Kd5 58. Ra2 d3 59. Ra5+ Bc5 60. Kf3 Nd2+ 61. Kf4 Rf7+ 62. Kg3 Ne4+ 63. Kg2 d2 64. Ra1 Bd4 65. Rd1 Be3 66. g5 hxg5 67. hxg5 Bxg5 68. Kg1 Nc3 69. Rxd2+ Bxd2 70. Kg2 Be3 0-1

[Event "Early-Titled-Tuesday-Blitz-May-14-2024"]
[Site "Chess.com"]
[Date "2024.05.14"]
[Round "9"]
[White "David_George21"]
[Black "aloe_normansen"]
[Result "1/2-1/2"]
[WhiteElo "2388"]
[BlackElo "2562"]
[TimeControl "180+1"]
[EndTime "9:48:15 PDT"]
[Termination "Game drawn - insufficient material"]

1. e4 e5 2. Nf3 Nc6 3. Bb5 a6 4. Ba4 Nf6 5. O-O b5 6. Bb3 Bc5 7. Re1 O-O 8. c3 d6 9. h3 Bb7 10. d4 Bb6 11. Bg5 h6 12. Bh4 Re8 13. Na3 g5 14. Nxg5 hxg5 15. Bxg5 Kg7 16. Qf3 Rg8 17.
Qg3 Kf8 18. Qh4 Rg6 19. f4 exd4 20. Kh1 dxc3 21. bxc3 Na5 22. e5 dxe5 23. fxe5 Bxg2+ 24. Kxg2 Qd2+ 25. Kh1 Rxg5 26. Qh6+ Kg8 27. Re2 Qf4 28. Qxf6 Qxf6 29. exf6 Nxb3 30. axb3 Kh7 31. Rf1 Rag8 32. Kh2 c6 33. Nc2 Bc7+ 34. Kh1 Rg3 35. Re3 Rxe3 36. Nxe3 Rg3 37. Nf5 Rxh3+ 38. Kg2 Rxc3 39. Ne7 Rg3+ 40.
Kf2 Rh3 41. Rc1 c5 42. b4 c4 43. Kg2 Rh6 44. Rd1 Rxf6 45. Nd5 Rg6+ 46. Kf3 Bd6 47. Ke4 Re6+ 48. Kf5 Kg7 49. Rg1+ Rg6 50. Re1 Rg3 51.
Ra1 c3 52. Rxa6 c2 53. Rc6 Bxb4 54. Nxb4 Rb3 55. Nxc2 Rf3+ 56. Ke4 Rf6 57. Rxf6 Kxf6 58. Kd4 b4 59. Nxb4 Kg5 60. Nd3 f5 61. Ke5 f4 62.
Nxf4 1/2-1/2

[Event "Early-Titled-Tuesday-Blitz-May-14-2024"]
[Site "Chess.com"]
[Date "2024.05.14"]
[Round "9"]
[White "Ariadna_Atreides"]
[Black "Matols"]
[Result "0-1"]
[WhiteElo "2217"]
[BlackElo "2343"]
[TimeControl "180+1"]
[EndTime "9:48:15 PDT"]
[Termination "Matols won by checkmate"]

1. d4 d5 2. Nf3 Nf6 3. e3 c5 4.
Bd3 cxd4 5. exd4 Nc6 6. h3 Nb4 7. Be2 Bf5 8. Na3 e6 9. c3 Nc6 10. Bf4 Bxa3 11. bxa3 O-O 12. O-O Rc8 13. a4 Na5 14. Rc1 Ne4 15. Bd2 Nc4 16. Bxc4 Rxc4 17. Ne5 Rc8 18. c4 dxc4 19. Bb4 Nd6 20. Bxd6 Qxd6 21.
Rxc4 Qd5 22. Qb3 Rxc4 23. Qxc4 Qxc4 24. Nxc4 Bd3 25. Rc1 Rc8 26. Rc3 Bxc4 27. f3 b6 28. a3 Ba6 29. Re3 Rc2 30. d5 Kf8 31. dxe6 fxe6 32.
Rxe6 Ra2 33. Re3 Kf7 34. f4 Bc4 35. g4 Bd5 36. f5 Rg2+ 37. Kf1 Rh2 38. Re5 Bc4+ 39.
Kg1 Rxh3 40. Re4 Bd5 41. Rd4 Bb3 42. Rb4 Bc2 43. a5 bxa5 44. Rb7+ Kf6 45. Rxa7 Rg3+ 46. Kf2 Rxg4 47. Rxa5 Bxf5 48. Kf3 Rg1 49. a4 Ra1 50. Kf4 Be6 51. Ra6 h5 52. Kg3 g5 53. a5 h4+ 54.
Kh2 g4 55. Ra8 Ra2+ 56. Kg1 Bd5 57. Rf8+ Ke5 58. Re8+ Kf4 59. a6 h3 60. Rf8+ Kg3 61. Rf1 h2# 0-1

[Event "Early-Titled-Tuesday-Blitz-May-14-2024"]
[Site "Chess.com"]
[Date "2024.05.14"]
[Round "9"]
[White "Yaacovn"]
[Black "Moon_stone123"]
[Result "1/2-1/2"]
[WhiteElo "2793"]
[BlackElo "2624"]
[TimeControl "180+1"]
[EndTime "9:48:17 PDT"]
[Termination "Game drawn - insufficient material"]

1. d4 d5 2. e3 Nf6 3. Bd3 c5 4. c3 cxd4 5. exd4 Nc6 6. Bf4 Bg4 7. Qb3 Qd7 8. Nd2 e6 9. Ngf3 Bxf3 10. Nxf3 Bd6 11.
Bg3 O-O 12. Qd1 Rab8 13. Qe2 a6 14. a4 Qc7 15. Bxd6 Qxd6 16. Ne5 Nd7 17. f4 g6 18. O-O f6 19. Nxd7 Qxd7 20. Rae1 Rbe8 21. Rf3 Kg7 22. Re3 Kf7 23. g4 Qd6 24. Qf2 Kg7 25. Qg3 Re7 26.
h4 Rfe8 27. g5 fxg5 28. hxg5 Rf8 29. Rf1 Ref7 30. Ref3 Ne7 31. Qh4 Nf5 32. Bxf5 Rxf5 33.
Kg2 Qb6 34. R3f2 Kg8 35. Rh1 R8f7 36. Kg3 Qc6 37. a5 Qb5 38. Re1 Qc6 39. Rfe2 Qc7 40.
Rxe6 Rxf4 41. Re8+ Rf8 42. R8e7 Rf3+ 43. Kg2 Rf2+ 44. Kg1 Rf1+ 45. Rxf1 Rxf1+ 46. Kxf1 Qxe7 47. Qf4 Qf7 48. Qf2 Qxf2+ 49. Kxf2 h6 50. gxh6 Kh7 51. c4 Kxh6 52. cxd5 Kg7 53. Ke3 Kf7 54. Kf4 Ke7 55. Ke5 Kd7 56. Kf6 Kd6 57. Kxg6 Kxd5 58. Kf7 Kxd4 59. Ke7 Kc5 60. Kd7 Kb5 61. Kc7 Kxa5 62. Kxb7 Kb5 63. Ka7 a5 64. Kb7 a4 65. Ka7 Kb4 66.
Ka6 Kb3 67. Ka5 Kxb2 68. Kxa4 1/2-1/2

[Event "Early-Titled-Tuesday-Blitz-May-14-2024"]
[Site "Chess.com"]
[Date "2024.05.14"]
[Round "9"]
[White "viktorskliarov"]
[Black "DrVelja"]
[Result "1-0"]
[WhiteElo "2695"]
[BlackElo "2921"]
[TimeControl "180+1"]
[EndTime "9:48:18 PDT"]
[Termination "viktorskliarov won by resignation"]

1. e4 c5 2. Nf3 Nc6 3. Bb5 g6 4. O-O Bg7 5. Re1 Nf6 6. e5 Nd5 7. Nc3 Nc7 8. Bxc6 dxc6 9. Ne4 Ne6 10. d3 h6 11. Be3 b6 12. a3 O-O 13. b4 cxb4 14. axb4 Qc7 15. h4 c5 16. bxc5 bxc5 17.
Qc1 Kh7 18. Qa3 Bb7 19. Qa5 Rfc8 20. c4 Bxe4 21. Qxc7 Rxc7 22. dxe4 Rb7 23. Ra5 Rb4 24. Rea1 Rxc4 25. Rxa7 Rxa7 26. Rxa7 Rxe4 27. Rxe7 c4 28. Rxf7 c3 29. Re7 Rxe3 30. Rxe6 Rd3 31. Rc6 Kg8 32.
Kf1 Rd1+ 33. Ke2 Rc1 34. Rxg6 Rc2+ 35. Kd3 Rxf2 36. Kxc3 Kf7 37. h5 Ra2 38. Kd4 Ra4+ 39. Kd5 Ra5+ 40. Ke4 Bf8 41. Kf5 Rd5 42. Ra6 Be7 43.
Ra7 Rd8 44. Nh4 Ke8 45. Ng6 Bg5 46. Ke6 Rb8 47. Rh7 Rb6+ 48. Kf5 Rb2 49. e6 Rf2+ 50. Ke5 Kd8 51. Rh8+ Kc7 52. e7 Re2+ 53. Kf5 Kd7 54.
e8=Q+ Rxe8 55. Rxe8 Kxe8 56. Ke6 Bc1 57. g4 Bd2 58.
Kf6 Bc3+ 59. Ke6 Bd2 60. Nh4 Kf8 61. Nf3 Bc1 62. Kf6 Bb2+ 63. Kg6 Bc1 64. Nh4 Ke7 65. Nf5+ Ke6 66. Nxh6 Ke5 67. Nf7+ Kf4 68. g5 Kg4 69. h6 Bb2 70. h7 Bc3 71. h8=Q Bxh8 72. Nxh8 1-0

[Event "Early-Titled-Tuesday-Blitz-May-14-2024"]
[Site "Chess.com"]
[Date "2024.05.14"]
[Round "9"]
[White "alexrustemov"]
[Black "MyDream003"]
[Result "1/2-1/2"]
[WhiteElo "2921"]
[BlackElo "2842"]
[TimeControl "180+1"]
[EndTime "9:48:21 PDT"]
[Termination "Game drawn by repetition"]

1. d4 d5 2. c4 e6 3. cxd5 exd5 4. Nf3 Nf6 5. Nc3 c6 6. Bf4 Bf5 7. e3 Be7 8. Nh4 Be6 9. Bd3 Nbd7 10. h3 Qb6 11. Rb1 h6 12. Nf3 Qa5 13. O-O O-O 14.
Qc2 Rac8 15. Rfc1 b5 16. Ne5 a6 17. Nxd7 Nxd7 18. Qd1 Qb6 19. Rc2 c5 20. dxc5 Nxc5 21.
Be5 b4 22. Ne2 Bd7 23. Bd4 Qa5 24. b3 Nxd3 25. Qxd3 Rxc2 26. Qxc2 Rc8 27. Qd2 Bf5 28.
Rc1 Rxc1+ 29. Nxc1 Qc7 30. Nd3 a5 31. Nf4 Qc6 32.
Bb2 Qc2 33. Qxc2 Bxc2 34. Nxd5 Bd8 35. Kf1 Bb1 36. a3 Ba2 37. axb4 Bxb3 38. e4 Bxd5 39. exd5 axb4 40. Ke2 Kf8 41. Kd3 Be7 42. Kc4 f6 43.
Bc1 Ke8 44. Bd2 f5 45. Bxb4 Bh4 46. f3 Kd7 47. g4 g6 48. Bd2 h5 49. gxh5 gxh5 50.
Bf4 Bf6 51. Kc5 Bb2 52. d6 Bc3 53. Kd5 Bb2 54. Be5 Bc1 55. Bg3 Bb2 56. Bh2 Bc3 57. Be5 Bd2 58. Bd4 Bf4 59. Bc5 Bg3 60. Bb4 Bf4 61. Bc5 Bg3 62. Ba3 Bf4 63. Bc5 1/2-1/2

[Event "Early-Titled-Tuesday-Blitz-May-14-2024"]
[Site "Chess.com"]
[Date "2024.05.14"]
[Round "9"]
[White "Arhan_Anand"]
[Black "SaiHanThiha"]
[Result "0-1"]
[WhiteElo "2625"]
[BlackElo "2486"]
[TimeControl "180+1"]
[EndTime "9:48:25 PDT"]
[Termination "SaiHanThiha won by resignation"]

1. d4 Nf6 2. c4 e6 3. Nf3 Bb4+ 4.
Bd2 Qe7 5. g3 Nc6 6. Bg2 Bxd2+ 7. Qxd2 Ne4 8. Qc2 Qb4+ 9. Nc3 Nxc3 10. bxc3 Qxc4 11. e4 Nb4 12. Qd2 Nd3+ 13. Kd1 d5 14. e5 Bd7 15. Bf1 Ba4+ 16. Ke2 Nxe5+ 17. Ke3 Nxf3 18.
Kxf3 Qc6 19. Rb1 a6 20. Bd3 Bb5 21. Rhc1 O-O 22. Kg2 Rfe8 23. Bc2 e5 24. Re1 e4 25. Re3 Bc4 26. Rb2 f5 27. Re1 b5 28. Qf4 Qd7 29. Bd1 Rf8 30. h4 Qd6 31. Qxd6 cxd6 32. f4 a5 33. Re3 Rfb8 34. a3 Rb6 35. g4 g6 36.
gxf5 gxf5 37. Bh5 Kg7 38. Kh3 Kf6 39. Kh2 Rg8 40. Be2 Rc8 41. Bh5 Bd3 42. Rg2 Rxc3 43.
Rg8 Rc2+ 44. Kh1 Rc1+ 45. Kh2 Rbc6 46. Rf8+ Ke7 47. Rf7+ Kd8 48. Rg3 R6c2+ 49. Rg2 Rxg2+ 50. Kxg2 Ra1 51. Rxh7 Rxa3 52. Bf7 Bc4 53. h5 Ra2+ 54.
Kh1 e3 55. Rh8+ Ke7 56. Bg6 e2 57. Re8+ Kf6 58. Kg1 Ra1+ 59. Kf2 Rf1+ 60. Kg3 e1=Q+ 61. Rxe1 Rxe1 0-1

[Event "Early-Titled-Tuesday-Blitz-May-14-2024"]
[Site "Chess.com"]
[Date "2024.05.14"]
[Round "9"]
[White "gmcorrales"]
[Black "Kirill_Klukin"]
[Result "0-1"]
[WhiteElo "2930"]
[BlackElo "2840"]
[TimeControl "180+1"]
[EndTime "9:48:27 PDT"]
[Termination "Kirill_Klukin won by resignation"]

1. d4 e6 2. c4 f5 3. g3 Nf6 4. Bg2 c6 5. b3 d5 6. Nf3 Bd6 7. O-O Qe7 8. a4 O-O 9. Ba3 Bxa3 10. Nxa3 Nbd7 11. cxd5 exd5 12. Nc2 Ne4 13. e3 a5 14. Nce1 b6 15. Nd3 Ba6 16. Rc1 Rac8 17. Re1 Bxd3 18. Qxd3 Rfe8 19. Rc2 Qd6 20. Rd1 g6 21. Ne1 Rc7 22. Qa6 Qb4 23. Rb1 Rec8 24. Nd3 Qa3 25. Ne5 Nxe5 26. dxe5 Qb4 27. Bxe4 fxe4 28. e6 Re8 29.
Rd1 Qxb3 30. Rdc1 Rxe6 31. Qa8+ Kg7 32. Qd8 Rf7 33. h4 Ref6 34. h5 gxh5 35. Qb8 h4 36.
gxh4 d4 37. Qe5 dxe3 38. Kh2 Qe6 39. Rg1+ Kf8 40. Qb8+ Ke7 41. Qc7+ Qd7 42. Qe5+ Kf8 43. Qb8+ Ke7 44. Qe5+ Re6 45. Qg5+ Ke8 46. fxe3 Qd6+ 47. Rg3 Ref6 48. Qg4 Rf3 49. Qxe4+ Kf8 50. Rg2 Rxg3 51. Rxg3 Qf6 52. Qg4 Qf2+ 53. Rg2 Qf6 54. Qc8+ Ke7 55. Qc7+ Kf8 56. Qb8+ Ke7 57. Qc7+ Ke8 58. Qc8+ Ke7 59. Rg3 Qd6 60. Qg4 Qe6 61. Qg5+ Qf6 62. Qg4 Qd6 63. Kh3 Qe6 64. Qxe6+ Kxe6 65. Rg5 Kd6 66. Rh5 Re7 67. Rh6+ Kc5 68. Kg4 b5 69. Kf4 bxa4 70. e4 a3 71.
Rxh7 Rxh7 72. e5 a2 73. e6 a1=Q 0-1

[Event "Early-Titled-Tuesday-Blitz-May-14-2024"]
[Site "Chess.com"]
[Date "2024.05.14"]
[Round "9"]
[White "Iball95"]
[Black "JaloliddinIlkhomi"]
[Result "1-0"]
[WhiteElo "2921"]
[BlackElo "2755"]
[TimeControl "180+1"]
[EndTime "9:48:27 PDT"]
[Termination "Iball95 won by resignation"]

1. e4 e6 2. d4 d5 3. Nc3 Bb4 4. exd5 exd5 5. Bd3 Nc6 6. Nf3 Nge7 7. O-O O-O 8. Ne2 Bf5 9. Ng3 Bxd3 10. Qxd3 Qd7 11. Bf4 Bd6 12. Bxd6 Qxd6 13. Rae1 Rae8 14. c3 a6 15. h4 Qg6 16. Qd2 Nf5 17. h5 Qf6 18.
Nxf5 Qxf5 19. h6 Re4 20. hxg7 Rfe8 21. Rxe4 Rxe4 22. Re1 Rxe1+ 23. Qxe1 Kxg7 24. Qc1 h6 25. b3 Ne7 26. c4 c6 27. Qe3 Ng6 28. a4 Nf4 29. g3 Ne6 30. Nd2 Qf6 31. Nf3 Qf5 32. Kg2 Qe4 33. Kf1 f5 34. Kg2 Ng5 35. cxd5 Nxf3 36.
Qxf3 cxd5 37. Qxe4 fxe4 38. f3 Kf6 39. fxe4 dxe4 40. Kf2 Ke6 41. Ke3 Kf5 42. a5 h5 43.
b4 Kg4 44. d5 Kf5 45. Kd4 e3 46. Kxe3 Ke5 47. d6 Kxd6 48. Kf4 Kc6 49. Kg5 Kb5 50.
Kxh5 Kxb4 51. g4 Kxa5 52. g5 b5 53. g6 b4 54. g7 Ka4 55. g8=Q Ka3 56. Qd5 b3 57. Qa5+ Kb2 58. Qxa6 Kb1 59. Qg6+ Ka1 60. Qg1+ Ka2 61. Qa7+ Kb1 62. Qg1+ Ka2 63. Qg8 Ka1 64.
Qa8+ Kb1 65. Qa3 b2 66. Qd3+ Ka1 67. Qc3 Ka2 68. Qa5+ Kb3 69. Qb5+ Kc2 70. Qc4+ Kd1 71. Qb3+ Kc1 72. Qc3+ Kb1 73. Kg4 Ka2 74. Qa5+ Kb3 75.
Qb5+ Ka3 76. Kf3 b1=Q 77. Qxb1 1-0

[Event "Early-Titled-Tuesday-Blitz-May-14-2024"]
[Site "Chess.com"]
[Date "2024.05.14"]
[Round "9"]
[White "Journey_to_GrandMaster_YT"]
[Black "Blitz_Lover1"]
[Result "0-1"]
[WhiteElo "2546"]
[BlackElo "2391"]
[TimeControl "180+1"]
[EndTime "9:48:27 PDT"]
[Termination "Blitz_Lover1 won on time"]

1. d4 Nf6 2. Nf3 d5 3. c4 c6 4.
Nc3 dxc4 5. e3 b5 6. a4 b4 7. Nb1 Ba6 8. Ne5 Qd5 9. Qf3 Nbd7 10. Nxc6 e6 11. Bd2 Qxf3 12. gxf3 Bb7 13. Nxb4 Bxf3 14. Rg1 Rb8 15. Na6 Rxb2 16. Nc7+ Kd8 17. Nb5 Ne4 18.
Ba5+ Kc8 19. Bxc4 Rxf2 20. Nd2 Nxd2 21. Kxf2 Nxc4 22. Rac1 Bd5 23. e4 Kb7 24. Be1 Nf6 25. exd5 exd5 26. Nc3 Kc6 27. Nxd5 Kxd5 28. Rg5+ Ke6 29.
d5+ Kd7 30. Rxc4 h6 31. Rg3 Bd6 32. Rb3 Nxd5 33. Kg2 Re8 34. Bf2 Re2 35. Kf3 Ra2 36. Rd3 Ke6 37. Re4+ Be5 38. Bg3 f6 39. Bxe5 fxe5 40.
Rc4 Nf6 41. Rc7 e4+ 42. Ke3 exd3 43. Kxd3 Rxa4 44. Rxg7 h5 45. Kc3 Kf5 46. Kb3 Ra1 47.
h4 a5 48. Rg5+ Ke6 49. Kb2 Ra4 50. Kb3 Rxh4 51. Rxa5 Rd4 52. Kc3 Rd5 53. Ra8 Kf5 54. Rh8 Rd1 55. Kc2 Rd7 56. Kc3 Kg5 57. Kc4 h4 58. Kc5 Kg4 59. Rh6 Ne4+ 60. Kc6 Rd1 61.
Re6 Ng5 62. Re3 h3 63. Re2 Kg3 64. Kc5 h2 65. Re3+ Nf3 66. Rxf3+ Kxf3 0-1

[Event "Early-Titled-Tuesday-Blitz-May-14-2024"]
[Site "Chess.com"]
[Date "2024.05.14"]
[Round "9"]
[White "chessfatbear"]
[Black "h4parah5"]
[Result "1/2-1/2"]
[WhiteElo "2916"]
[BlackElo "3041"]
[TimeControl "180+1"]
[EndTime "9:48:29 PDT"]
[Termination "Game drawn by repetition"]

1. e4 c5 2. Nf3 Nc6 3. Bb5 e6 4. O-O Nge7 5. Re1 a6 6. Bf1 d5 7. exd5 Nxd5 8. d4 Nf6 9. Be3 cxd4 10. Nxd4 Bd7 11. c4 h5 12. h3 Nxd4 13. Qxd4 Bc6 14. Nc3 Qxd4 15. Bxd4 O-O-O 16. Bb6 Rd2 17. Rad1 Rxd1 18.
Rxd1 Bb4 19. Rc1 Kb8 20. a3 Bd6 21. b4 h4 22. f3 Bc7 23. Bf2 Bf4 24. Rd1 Be5 25.
Rd3 g5 26. Be3 Rg8 27. Kf2 Kc7 28. Ke2 Nh5 29. Kd2 Nf4 30. Bxf4 Bxf4+ 31. Kc2 b6 32. Kb3 f5 33. Rd1 Rd8 34. Re1 Bd7 35. c5 bxc5 36.
Bxa6 Rb8 37. Bc4 cxb4 38. axb4 Kd6 39. Rd1+ Ke7 40. Ra1 Bd6 41. b5 Bc5 42. Ra6 Bg1 43. Ne2 Be3 44. Kc3 Bxb5 45. Bxb5 Rxb5 46. Kd3 Re5 47.
Ra2 Bc5 48. Kd2 Bb4+ 49. Kd3 Kf6 50. Nd4 Bc5 51. Ne2 Rd5+ 52. Kc3 Be3 53. Kc4 Rd7 54. Kc3 Ke5 55. Kc4 Kf6 56. Kc3 Rd6 57. Kc4 e5 58.
Kc3 f4 59. Kc4 Kf5 60. Nc3 Rc6+ 61. Kb3 Rb6+ 62. Kc4 Rc6+ 63. Kd3 Rd6+ 64. Ke2 Rd4 65. Ne4 Rxe4 66. fxe4+ Kxe4 67. Ra4+ Kf5 68. Kf3 Bd4 69. Ra5 Bc3 70. Rb5 Bd4 71. Ra5 Bc3 72. Rb5 Bd4 73. Ra5 1/2-1/2